 Dungeon Crawl Stone Soup version 0.28.0 (webtiles) character file.

Game seed: 16932006925022455520

9546 HallandMoats the Demonic Disaster (level 11, 0/89 HPs)
             Began as a Demonspawn Fighter on Feb 6, 2022.
             Was a Believer of Qazlal.
             Slain by a death yak (14 damage)
             ... in a Gauntlet.
             The game lasted 00:15:17 (10805 turns).

HallandMoats the Demonic Disaster (DsFi)           Turns: 10805, Time: 00:15:18

Health: 0/89       AC: 14    Str: 20    XL:     11   Next: 24%
Magic:  28/28      EV: 13    Int: 10    God:    Qazlal [**....]
Gold:   668        SH:  9    Dex: 13    Spells: 10/10 levels left

rFire   + . .      SeeInvis .   a - +8 broad axe of Innocence {vamp, rF+ rC+ Will+}
rCold   + . .      Faith    .   c - +0 buckler
rNeg    . . .      Spirit   .   D - +0 acid dragon scales
rPois   +          Reflect  .   (no helmet)
rElec   .          Harm     .   E - +2 cloak {rPois}
rCorr   +          Rampage  .   s - +0 pair of gloves
Will    +....      NoTele   +   (no boots)
Stlth   +.........              (no amulet)
HPRegen 0.24/turn               f - +4 ring of slaying
MPRegen 0.21/turn               h - ring of magical power

@: slowed, very slow
A: hooves 2, icy blue scales 1, ignite blood 1, spiny 3
a: Renounce Religion, Upheaval


You were in a Gauntlet.
You worshipped Qazlal.
Qazlal was pleased with you.
You visited 2 branches of the dungeon, and saw 12 of its levels.
You also visited: Gauntlet.

You collected 668 gold pieces.

Inventory:

Hand Weapons
 a - the +8 broad axe of Innocence (weapon) {vamp, rF+ rC+ Will+}
   (You acquired it on level 10 of the Dungeon)

   It occasionally heals its wielder for a portion of the damage dealt when it
   wounds a living foe.
   rF:        It protects you from fire.
   rC:        It protects you from cold.
   Will:      It increases your willpower.
Armour
 c - a +0 buckler (worn)
 e - the +0 cloak of Repulsion {SInv Stlth+}
   (You found it in a Gauntlet)

   SInv:      It lets you see invisible.
   Stlth:     It makes you more stealthy.
 s - a +0 pair of gloves (worn)
 D - +0 acid dragon scales (worn)
 E - a +2 cloak of poison resistance (worn)
Jewellery
 f - a +4 ring of slaying (left hand)
 h - a ring of magical power (right hand)
 n - a ring of magical power
 z - a ring of flight
Wands
 t - a wand of iceblast (13)
 y - a wand of acid (16)
 A - a wand of flame (20)
 B - a wand of digging (3)
 C - a wand of paralysis (4)
 G - a wand of mindburst (28)
Scrolls
 g - 4 scrolls of teleportation
 l - a scroll of summoning
 o - a scroll of enchant armour
 q - a scroll of amnesia
 r - 3 scrolls of enchant weapon
 u - a scroll of immolation
 v - a scroll of magic mapping
 w - a scroll of brand weapon
Potions
 b - a potion of magic {unknown}
 d - 4 potions of might
 i - a potion of brilliance {unknown}
 j - a potion of mutation {unknown}
 k - 3 potions of curing
 m - 3 potions of lignification {unknown}
 p - a potion of flight {unknown}
 J - 3 potions of resistance {unknown}


   Skills:
 * Level 9.0 Fighting
 * Level 8.0 Axes
 + Level 6.1 Armour
 + Level 5.2 Dodging
 - Level 5.8 Shields
 * Level 10.9 Invocations


You had 10 spell levels left.
You didn't know any spells.
Your spell library contained the following spells:

 Spells                   Type           Power      Damage    Failure   Level
 Freeze                   Ice            0%         1d3       52%         1
 Magic Dart               Conj           0%         1d3       52%         1
 Slow                     Hex            0%         N/A       52%         1
 Blink                    Tloc           0%         N/A       67%         2
 Searing Ray              Conj           0%         2d4       67%         2
 Sublimation of Blood     Necr           0%         N/A       67%         2
 Gell's Gravitas          Tloc           0%         N/A       88%         3
 Ignite Poison            Fire/Tmut/Pois 0%         N/A       88%         3
 Lesser Beckoning         Tloc           0%         N/A       88%         3
 Mephitic Cloud           Conj/Pois/Air  0%         N/A       88%         3
 Teleport Other           Tloc           0%         N/A       88%         3
 Tukima's Dance           Hex            0%         N/A       88%         3
 Fulminant Prism          Conj/Hex       0%         3d6       99%         4
 Petrify                  Tmut/Erth      0%         N/A       99%         4
 Freezing Cloud           Conj/Ice/Air   0%         6-21      100%        5
 Irradiate                Conj/Tmut      0%         3d13      100%        5
 Manifold Assault         Tloc           0%         N/A       100%        5
 Enfeeble                 Hex            0%         N/A       100%        7
 Ozocubu's Refrigeration  Ice            0%         4d5       100%        7
 Storm Form               Tmut/Air       0%         N/A       100%        7


Dungeon Overview and Level Annotations

Branches:
Dungeon (11/15)            Temple (1/1) D:4            Lair (0/6) D:11
Gauntlet (1/1)
    Orc: D:9-12

Altars:
Ashenzari
Cheibriados
Dithmenos
Elyvilon
Fedhas
Gozag
Hepliaklqana
Kikubaaqudgha
Makhleb
Nemelex Xobeh
Okawaru
Qazlal
Ru
Sif Muna
Trog
Uskayaw
Vehumet
Wu Jian
Xom
Yredelemnul
Zin
The Shining One

Shops:
D:1 [   D:4 =   D:10 (

Annotations:
Gauntlet 9 transporters


Innate Abilities, Weirdness & Mutations

You have hoof-like feet.
You are partially covered in icy blue scales. (AC +2)
Your demonic aura sometimes causes spilled blood to erupt in flames.
You are completely covered in sharp spines.


Message History

The death yak is struck by your spines.
The death yak gores you but does no damage.
Unknown command.
As you read the scroll of fear, it crumbles to dust.
You assume a fearsome visage.
The death yak resists with some effort.
The death yak looks frightened!
The death yak resists with almost no effort. x2
You feel yourself speed up.
The death yak is engulfed in blazing flames.
You block the death yak's attack.
Being near the torpor snail leaves you feeling lethargic.
Unknown command.
As you read the scroll of fear, it crumbles to dust.
You assume a fearsome visage.
The death yak easily resists.
The death yak looks frightened! x2
The torpor snail resists with some effort.
The death yak fails to trigger a net trap.
Cornered, the death yak turns to fight!
Unknown command.
The death yak enters a dispersal trap!
The death yak blinks!
The death yak enters a dispersal trap!
The death yak blinks! x2
The torpor snail blinks!
The death yak blinks! x3
The death yak enters a dispersal trap!
The torpor snail blinks!
You feel yourself speed up.
The death yak enters a dispersal trap!
You blink.
The death yak blinks!
Unknown command.
The death yak gores you but does no damage.
Being near the torpor snail leaves you feeling lethargic.
Okay, then.
The death yak seems to regain its courage.
The death yak is struck by your spines. The death yak gores you.
You block the death yak's attack. The death yak is struck by your spines.
The death yak gores you!!
* * * LOW HITPOINT WARNING * * *
Okay, then.
Unknown command.
As you read the scroll labelled OHIHUJIKKAV, it crumbles to dust.
You hear a loud clanging noise!
It was a scroll of noise.
The death yak gores you!
You die...

?..#...#...(©!=..#..#8#
##.#...#.#.....#.#..###
.#.#...#.##...##.#..#
#..#...#.^#####^Y#..###
...#...#....©§...#..#8#
#..#...#.Y##^##..#..###
.#.#...#.##...##Y#..#
##.#...#^#....Y#Y#..###
...#...#......wY@#..#8#
####...###########..###
.....≈....#.©.#.....#
....≈8≈...#...#.8...###
....§§....#.©.#.....#8#
####§..###########..###
...#...#..).©!.2.#..#
.#.#...#.#.#.#.#.#..###
#..#...#..#.#.#..#..#8#


You could see 5 death yaks, a blizzard demon and a torpor snail.

Vanquished Creatures
  Erolcha (D:9)
  2 two-headed ogres
  Sonja (D:10)
  Pikel (D:7)
  A cyclops (D:11)
  2 unseen horrors (D:10)
  An ice devil (Gauntlet)
  2 trolls (D:6)
  Sigmund (D:3)
  A shadow (D:10)
  A wyvern (D:10)
  8 yaks
  3 steam dragons
  2 acid dragons
  2 water moccasins
  An ice beast (D:5)
  A sky beast (D:6)
  An ogre (D:7)
  2 orc warriors
  A black bear (D:6)
  3 necrophages
  3 centaurs
  4 lemures (D:7)
  A kobold brigand (D:9)
  Blork the orc (D:5)
  4 bullfrogs
  A water moccasin skeleton (D:4)
  A wyvern skeleton (D:7)
  4 killer bees (D:9)
  3 jellies
  6 orc priests
  A gnoll shaman (D:8)
  A bullfrog skeleton (D:5)
  Crazy Yiuf (D:6)
  2 centaur skeletons
  2 hounds (D:5)
  Jessica (D:2)
  6 orc wizards
  Natasha (thrice) (D:2)
  3 iguanas
  A killer bee zombie (D:7)
  3 gnolls (D:8)
  A howler monkey skeleton (D:7)
  14 adders
  2 white imps
  2 dart slugs (D:4)
  32 orcs
  3 ball pythons
  7 bats
  6 endoplasms
  A giant cockroach (D:2)
  8 goblins
  3 hobgoblins
  4 jackals
  2 quokkas (D:3)
  3 frilled lizards
  16 kobolds
  8 rats
202 creatures vanquished.

Vanquished Creatures (others)
  A white imp (Gauntlet)
  An orc (D:8)
  A plant (D:3)
3 creatures vanquished.

Grand Total: 205 creatures vanquished

Notes
Turn   | Place    | Note
-------+----------+-------------------------------------------
     0 | D:1      | HallandMoats the Demonspawn Fighter began the quest for the
                  | Orb.
     0 | D:1      | Reached XP level 1. HP: 18/18 MP: 1/1
   375 | D:1      | Gained mutation: You are partially covered in icy blue
                  | scales. (AC +2) [demonic ancestry]
   375 | D:1      | Reached XP level 2. HP: 12/22 MP: 2/2
   380 | D:1      | Reached skill level 1 in Invocations
  1080 | D:1      | Found Egroubre's Antique Armour Shop.
  1429 | D:2      | Noticed Natasha
  1432 | D:2      | Noticed a crimson imp
  1433 | D:2      | Noticed a crimson imp
  1439 | D:2      | Killed Natasha
  1440 | D:2      | Gained mutation: Your demonic aura sometimes causes spilled
                  | blood to erupt in flames. [demonic ancestry]
  1440 | D:2      | Reached XP level 3. HP: 14/29 MP: 4/4
  1711 | D:2      | Noticed Jessica
  1723 | D:2      | Reached skill level 2 in Invocations
  1726 | D:2      | Killed Jessica
  1727 | D:2      | Gained mutation: You have large cloven feet. [demonic
                  | ancestry]
  1727 | D:2      | Reached XP level 4. HP: 16/36 MP: 5/5
  2126 | D:2      | Noticed Natasha
  2138 | D:2      | Killed Natasha
  2139 | D:2      | Reached skill level 1 in Dodging
  2149 | D:2      | Noticed Natasha
  2156 | D:2      | Killed Natasha
  2157 | D:2      | Gained mutation: You are partially covered in sharp spines.
                  | [demonic ancestry]
  2157 | D:2      | Reached XP level 5. HP: 24/42 MP: 5/7
  2706 | D:3      | Reached skill level 3 in Invocations
  2729 | D:3      | Found a snail-covered altar of Cheibriados.
  2729 | D:3      | Found a shadowy altar of Dithmenos.
  2730 | D:3      | Found a sacrificial altar of Ru.
  2777 | D:3      | Noticed Sigmund
  2787 | D:3      | Killed Sigmund
  2788 | D:3      | Reached XP level 6. HP: 49/49 MP: 8/8
  3073 | D:3      | Found an ancient bone altar of Kikubaaqudgha.
  3179 | D:3      | Found a blossoming altar of Fedhas.
  3360 | D:4      | You fall into a shaft and drop 2 floors!
  3444 | D:6      | Found a large runed translucent door.
  3444 | D:6      | Found a large runed translucent door.
  3451 | D:6      | Noticed a troll
  3452 | D:6      | Noticed a two-headed ogre
  3463 | D:6      | Found a large runed translucent door.
  3463 | D:6      | Found a large runed translucent door.
  3475 | D:6      | Reached skill level 4 in Invocations
  3576 | D:6      | Found a broken altar of Ashenzari.
  3628 | D:5      | Entered Level 5 of the Dungeon
  3662 | D:5      | Noticed an ice beast
  3675 | D:5      | Killed an ice beast
  3676 | D:5      | Gained mutation: You have hoof-like feet. [demonic
                  | ancestry]
  3676 | D:5      | Reached XP level 7. HP: 42/55 MP: 10/10
  3969 | D:4      | Found Gequ's Jewellery Shop.
  3984 | D:4      | Found a staircase to the Ecumenical Temple.
  4104 | Temple   | Entered the Ecumenical Temple
  4175 | Temple   | Became a worshipper of Qazlal Stormbringer
  4307 | D:4      | Reached skill level 5 in Fighting
  4357 | D:4      | Found an ornate altar of the Wu Jian Council.
  4592 | D:5      | Reached skill level 5 in Invocations
  4777 | D:5      | Noticed Blork the orc
  4789 | D:5      | Killed Blork the orc
  4790 | D:5      | Gained mutation: You are mostly covered in sharp spines.
                  | [demonic ancestry]
  4790 | D:5      | Reached XP level 8. HP: 39/62 MP: 12/12
  5447 | D:6      | Reached skill level 6 in Invocations
  5487 | D:6      | Found a runed translucent door.
  5488 | D:6      | Noticed Crazy Yiuf
  5958 | D:6      | Got the Grimoire of the Frostbite and Beguiling
  6039 | D:6      | Noticed a troll
  6042 | D:6      | Reached skill level 5 in Axes
  6046 | D:6      | Killed a troll
  6046 | D:6      | Reached * piety under Qazlal
  6374 | D:6      | Killed Crazy Yiuf
  6464 | D:6      | Killed a troll
  6465 | D:6      | Reached skill level 7 in Invocations
  6465 | D:6      | Gained mutation: You are completely covered in sharp
                  | spines. [demonic ancestry]
  6465 | D:6      | Reached XP level 9. HP: 50/70 MP: 14/14
  6467 | D:6      | Killed a two-headed ogre
  6634 | D:7      | Reached skill level 8 in Invocations
  6769 | D:7      | Noticed Pikel
  6784 | D:7      | Killed Pikel
  6785 | D:7      | Reached skill level 5 in Armour
  6785 | D:7      | Reached skill level 5 in Shields
  7369 | D:8      | Reached XP level 10. HP: 69/79 MP: 16/16
  7380 | D:8      | Reached ** piety under Qazlal
  7688 | D:8      | Reached skill level 9 in Invocations
  8440 | D:9      | Noticed Erolcha
  8459 | D:9      | Killed Erolcha
  8735 | D:9      | Noticed a two-headed ogre
  8747 | D:9      | Killed a two-headed ogre
  8748 | D:9      | Reached skill level 10 in Invocations
  8867 | D:9      | Found an iron altar of Okawaru.
  8986 | D:9      | Reached *** piety under Qazlal
  9559 | D:10     | Entered Level 10 of the Dungeon
  9567 | D:10     | Reached XP level 11. HP: 69/87 MP: 18/18
  9568 | D:10     | Identified a scroll of acquirement
  9568 | D:10     | Acquired the +8 broad axe of Innocence {vamp, rF+ rC+
                  | Will+}
  9664 | D:10     | Noticed Sonja
  9677 | D:10     | Killed Sonja
  9678 | D:10     | Reached skill level 5 in Dodging
  9838 | D:10     | Found Fohits's Antique Weapon Shoppe.
  9923 | D:10     | Found an opulent altar of Gozag.
 10073 | D:11     | Found a gate leading to a gauntlet.
 10085 | Gauntlet | Entered a Gauntlet
 10085 | Gauntlet | Noticed a blizzard demon
 10085 | Gauntlet | Found a transporter.
 10085 | Gauntlet | Found a transporter.
 10087 | Gauntlet | Found a transporter.
 10091 | Gauntlet | Found a transporter.
 10105 | Gauntlet | Noticed a death yak
 10106 | Gauntlet | Noticed a death yak
 10106 | Gauntlet | Noticed a death yak
 10107 | Gauntlet | Found a transporter.
 10107 | Gauntlet | Found a transporter.
 10107 | Gauntlet | Noticed a death yak
 10107 | Gauntlet | Noticed a death yak
 10108 | Gauntlet | Noticed a death yak
 10116 | Gauntlet | Found a transporter.
 10122 | Gauntlet | Found a transporter.
 10140 | Gauntlet | Found a transporter.
 10148 | Gauntlet | Found a transporter.
 10150 | Gauntlet | Noticed a necromancer
 10165 | Gauntlet | Found a transporter.
 10245 | Gauntlet | Found a transporter.
 10434 | Gauntlet | Identified the +0 cloak of Repulsion {SInv Stlth+}
 10805 | Gauntlet | Slain by a death yak

Illustrated notes

Levels and vault maps discovered:
D:1:      onia_arrival_handbag, layout_basic, serial_shops,
          nicolae_shop_behind_doors, grunt_decor_fettered, kennysheep_doodads,
          minmay_cupped
D:2:      layout_loops_cross, minmay_misc_feat_roman, minmay_3d_cube,
          uniq_jessica, uniq_natasha
D:3:      layout_loops_ring, general_overflow_altar, fedhas_altar_2,
          gammafunk_temple_overflow_forgotten, uniq_sigmund
D:4:      kennysheep_big_flooded_room, layout_basic, nzn_wu_jian_contemplation,
          minmay_temple_entry_mini_moons, serial_shops, shop, amethyst_killhole
D:5:      layout_rooms, lemuel_doored_altar, serial_bayou, serial_bayou_pond_e,
          serial_bayou_crossing, serial_bayou_pond_e, serial_bayou_pond_d,
          roderic_three_in_a_row, uniq_blork_the_orc
D:6:      layout_cave_pods, lemuel_round_altar, ashenzari_conservatory_becter,
          nicolae_zen_rock_garden, minmay_hollow_rounded_squares,
          uniq_crazy_yiuf_cottage
D:7:      layout_rooms, minmay_fountain_box, minivault_4, uniq_pikel
D:8:      layout_rooms
D:9:      layout_roguey, elyvilon_altar_3, mainiacjoe_overflow_alcove_2,
          uniq_erolcha
D:10:     layout_cave_pools, grunt_gozag_statues, serial_shops,
          nicolae_shop_advertising_works [nicolae_subvault_shop_adworks],
          uniq_sonja
D:11:     layout_cave_pools, due_lair_maze_entry_diamond, gauntlet_entry_generic
Temple:   eino_wide_crystal_templ
Gauntlet: gammafunk_gauntlet_shortcut [gammafunk_gauntlet_arena_grid,
          gammafunk_gauntlet_arena_split_x, nicolae_gauntlet_arena_blocks,
          gammafunk_gauntlet_arena_teeth, gammafunk_gauntlet_arena_crates,
          gammafunk_gauntlet_arena_corners,
          nicolae_gauntlet_exit_dead_adventurers]

Skill      XL: |  1  2  3  4  5  6  7  8  9 10 11 |
---------------+----------------------------------+-----
Axes           | 2 3 4 5 6 7 8 |  8.0
Invocations    | 1 2 3 4 5 7 8 10 | 10.9
Armour         | 3 4 5 6 |  6.1
Dodging        | 1 2 3 4 5 |  5.2
Shields        | 3 4 5 |  5.8
Fighting       | 4 5 6 7 8 9 |  9.0

Action                   |  1- 3 |  4- 6 |  7- 9 | 10-12 || total
-------------------------+-------+-------+-------+-------++-------
Melee: War axe           |    93 |       |       |       ||    93
       Club              |       |    83 |   155 |   113 ||   351
       Kick              |       |    11 |    62 |    44 ||   117
       Broad axe         |       |       |       |    11 ||    11
Invok: Elemental Force   |       |       |       |     1 ||     1
  Use: Scroll            |       |       |    11 |     6 ||    17
       Potion            |       |       |       |     4 ||     4
 Stab: Sleeping          |       |       |     1 |       ||     1
Armor: Scale mail        |    50 |    25 |    31 |       ||   106
       Acid dragon scale |       |       |    50 |    46 ||    96
Dodge: Dodged            |    56 |    26 |    84 |    55 ||   221
Block: Buckler           |    18 |    24 |    43 |    59 ||   144
